 Dungeon Crawl Stone Soup version 0.22-a0-455-ga0624bf (webtiles) character file.

574289 DrEnzyme the Slayer (level 26, -8/202 HPs)
             Began as an Octopode Wanderer on June 4, 2018.
             Was the Champion of Dithmenos.
             Mangled by a death cob (30 damage)
             ... on level 3 of the Realm of Zot on June 5, 2018.
             The game lasted 08:47:22 (96276 turns).

DrEnzyme the Slayer (Octopode Wanderer)            Turns: 96276, Time: 08:47:23

Health: -8/202     AC: 11    Str: 18    XL:     26   Next: 45%
Magic:  17/37      EV: 41    Int: 25    God:    Dithmenos [******]
Gold:   4053       SH: 15    Dex: 45    Spells: 9/45 levels left

rFire    + . .     SeeInvis +   a - +9 quick blade (elec)
rCold    + . .     Gourm    .   N - +3 buckler {rF+}
rNeg     + . .     Faith    .   o - +3 hat "Irecopp" {Int+4 Dex+3}
rPois    +         Spirit   .   p - amulet "Dustrimou" {+Rage Dex+7}
rElec    .         Reflect  .   d - ring "Ylocic" {Int+6 Dex-3 Slay+2}
rCorr    .         Harm     .   P - +5 ring of dexterity
MR       .....                  G - ring of Imaibiugi {rPois MR- Str+3 Dex+3}
Stlth    ++++++++++             J - ring of wizardry
HPRegen  0.43/turn              U - ring of Luin {rN+ AC+2 Dex+7}
MPRegen  0.25/turn              l - ring "Apreor" {rF+ Str-4 Dex+6}
                                X - ring "Solo" {Ice Str+7 Dex-5 SInv Stlth-}
                                e - +5 ring of protection

@: wreathed by umbra
A: almost no armour, stealthy swim, amphibious, 8 rings, constrict 8, camouflage
1, mutation resistance 1, wild magic 1, gelatinous body 1
}: 4/15 runes: serpentine, barnacled, slimy, abyssal
a: Shadow Step, Shadow Form, Renounce Religion, Evoke Berserk Rage


You were on level 3 of the Realm of Zot.
You worshipped Dithmenos.
Dithmenos was exalted by your worship.
You were not hungry.

You visited 10 branches of the dungeon, and saw 49 of its levels.
You visited the Abyss 8 times.
You also visited: Labyrinth and Bailey.

You collected 9344 gold pieces.
You spent 5291 gold pieces at shops.

Inventory:

Hand Weapons
 a - a +9 quick blade of electrocution (weapon)
 b - a +0 fustibalus
 u - the +11 rapier of Glory {pierce, MR++}
   (You found it on level 8 of the Dungeon)

   It inflicts extra damage upon your enemies.
   It affects your resistance to hostile enchantments.
Missiles
 g - 489 sling bullets
Armour
 o - the +3 hat "Irecopp" (worn) {Int+4 Dex+3}
   (You found it on level 2 of the Elven Halls)

   It affects your intelligence (+4).
   It affects your dexterity (+3).
 N - a +3 buckler of fire resistance (worn)
Magical Staves
 c - an uncursed staff of poison
 W - an uncursed staff of air
Jewellery
 d - the ring "Ylocic" (left tentacle) {Int+6 Dex-3 Slay+2}
   (You bought it in a shop on level 2 of the Snake Pit)

   [ring of dexterity]

   It affects your intelligence (+6).
   It affects your dexterity (-3).
   It affects your accuracy and damage with ranged weapons and melee attacks
   (+2).
 e - a +5 ring of protection (on tentacle)
 l - the ring "Apreor" (on tentacle) {rF+ Str-4 Dex+6}
   (You bought it in a shop on level 2 of the Snake Pit)

   [ring of protection from fire]

   It affects your strength (-4).
   It affects your dexterity (+6).
   It protects you from fire.
 p - the amulet "Dustrimou" (around mantle) {+Rage Dex+7}
   (You bought it in a shop on level 8 of the Dungeon)

   [amulet of rage]

   It affects your dexterity (+7).
   It lets you go berserk.
 C - a +6 ring of strength
 G - the ring of Imaibiugi (on tentacle) {rPois MR- Str+3 Dex+3}
   (You bought it in a shop on level 8 of the Dungeon)

   [ring of dexterity]

   It affects your strength (+3).
   It affects your dexterity (+3).
   It protects you from poison.
   It affects your resistance to hostile enchantments.
 J - a ring of wizardry (on tentacle)
 P - a +5 ring of dexterity (right tentacle)
 Q - an uncursed ring of fire
 U - the ring of Luin (on tentacle) {rN+ AC+2 Dex+7}
   (You took it off a naga warrior on level 4 of the Snake Pit)

   [ring of protection]

   It affects your AC (+2).
   It affects your dexterity (+7).
   It protects you from negative energy.
 X - the ring "Solo" (on tentacle) {Ice Str+7 Dex-5 SInv Stlth-}
   (You found it on level 4 of the Lair of Beasts)

   [ring of ice]

   It enhances your ice magic.
   It affects your strength (+7).
   It affects your dexterity (-5).
   It makes you vulnerable to fire.
   It protects you from cold.
   It lets you see invisible.
   It makes you less stealthy.
Wands
 t - a wand of disintegration (13)
 B - a wand of iceblast (36)
 H - a wand of digging (46)
 I - a wand of acid (34)
 M - a wand of paralysis (30)
 S - a wand of scattershot (14)
Scrolls
 h - 11 scrolls of immolation
 i - 13 scrolls of identify
 k - 2 scrolls of fear
 A - 2 scrolls of teleportation
 E - 21 scrolls of remove curse
 O - 5 scrolls of magic mapping
Potions
 j - 11 potions of brilliance
 m - 5 potions of curing
 K - 7 potions of magic
Miscellaneous
 v - 3 boxes of beasts
 y - 2 phantom mirrors
 D - a phial of floods
Comestibles
 f - 45 rations


   Skills:
 + Level 22.2 Fighting
 - Level 14.0 Short Blades
 + Level 1.8 Staves
 - Level 13.9(14.0) Slings
 - Level 2.0(9.5) Throwing
 - Level 20.9 Dodging
 * Level 20.3 Stealth
 - Level 15.0 Shields
 + Level 2.0 Unarmed Combat
 - Level 10.0 Spellcasting
 - Level 6.5 Conjurations
   Level 1.0 Necromancy
 + Level 3.6 Translocations
 + Level 2.2 Transmutations
 - Level 0.1 Air Magic
   Level 1.0 Earth Magic
 - Level 13.1 Poison Magic
 - Level 10.0 Evocations


You had 9 spell levels left.
You knew the following spells:

 Your Spells              Type           Power        Failure   Level  Hunger
a - Poisonous Vapours     Pois/Air       ######       1%          2    None
b - Poison Arrow          Conj/Pois      ######....   8%          6    #####..
c - Conjure Flame         Conj/Fire      #####...     2%          3    None
d - Mephitic Cloud        Conj/Pois/Air  ######..     1%          3    None
e - Apportation           Tloc           #####.       1%          1    None
f - Olgreb's Toxic Radia  Pois           #######.     1%          4    None
g - Venom Bolt            Conj/Pois      ######....   1%          5    ####...
h - Sticky Flame          Conj/Fire      #####...     8%          4    None
i - Ignite Poison         Fire/Tmut/Pois #####...     1%          3    None
j - Alistair's Intoxicat  Tmut/Pois      ######..     4%          5    ####...

Your spell library contained the following spells:

 Spells                   Type           Power        Failure   Level  Hunger
 Cause Fear               Hex            ###.......   24%         4    None
 Fireball                 Conj/Fire      #####.....   19%         5    ####...
 Bolt of Cold             Conj/Ice       ######....   65%         6    #####..
 Lightning Bolt           Conj/Air       #####.....   19%         5    ####...
 Slow                     Hex            ###.....     4%          2    None
 Throw Flame              Conj/Fire      #####.       1%          2    None
 Throw Frost              Conj/Ice       ######       1%          2    None
 Freezing Cloud           Conj/Ice/Air   #####.....   78%         6    #####..
 Ring of Flames           Chrm/Fire      ###.......   100%        7    #######
 Death's Door             Chrm/Necr      ###.......   100%        8    #######
 Summon Small Mammal      Summ           ###.         3%          1    None
 Lehudib's Crystal Spear  Conj/Erth      #####.....   100%        8    #######
 Fire Storm               Conj/Fire      #####.....   100%        9    #######
 Animate Skeleton         Necr           N/A          2%          1    None
 Haunt                    Necr/Summ      ###.......   100%        7    #######
 Borgnjor's Revivificati  Necr           ###.......   100%        8    #######
 Freeze                   Ice            ###.         3%          1    None
 Ozocubu's Refrigeration  Ice            ###.......   96%         6    #####..
 Summon Ice Beast         Ice/Summ       ###.....     24%         4    None
 Ozocubu's Armour         Chrm/Ice       ###.....     9%          3    None
 Call Imp                 Summ           ###.....     4%          2    None
 Sting                    Conj/Pois      ####         1%          1    None
 Sublimation of Blood     Necr           ###.......   3%          2    None
 Summon Demon             Summ           ###.......   52%         5    ####...
 Iron Shot                Conj/Erth      #####.....   58%         6    #####..
 Stone Arrow              Conj/Erth      #####.       2%          3    None
 Recall                   Summ/Tloc      N/A          4%          3    None
 Spider Form              Tmut/Pois      ######....   1%          3    None
 Statue Form              Tmut/Erth      ####.....    85%         6    #####..
 Ice Form                 Ice/Tmut       #####...     16%         4    None
 Necromutation            Tmut/Necr      ####......   100%        8    #######
 Throw Icicle             Conj/Ice       ######..     8%          4    None
 Glaciate                 Conj/Ice       ######....   100%        9    #######
 Shadow Creatures         Summ           N/A          96%         6    #####..
 Confusing Touch          Hex            ###...       3%          1    None
 Flame Tongue             Conj/Fire      #####        1%          1    None
 Passwall                 Tmut/Erth      ####....     2%          2    None
 Sticks to Snakes         Tmut           ####....     2%          2    None
 Call Canine Familiar     Summ           ###.....     9%          3    None
 Ensorcelled Hibernation  Hex/Ice        ###...       4%          2    None
 Metabolic Englaciation   Hex/Ice        ###.......   52%         5    ####...
 Silence                  Hex/Air        ###.......   52%         5    ####...
 Shatter                  Erth           ###.......   100%        9    #######
 Static Discharge         Conj/Air       #####...     2%          3    None
 Corona                   Hex            ###....      3%          1    None
 Sandblast                Erth           ###...       2%          1    None
 Simulacrum               Ice/Necr       ####......   94%         6    #####..
 Chain Lightning          Conj/Air       #####.....   100%        8    #######
 Portal Projectile        Hex/Tloc       ####..       4%          3    None
 Petrify                  Tmut/Erth      ####....     14%         4    None
 Tornado                  Air            ###.......   100%        9    #######
 Leda's Liquefaction      Hex/Erth       ###.......   21%         4    None
 Darkness                 Hex            ###.......   96%         6    #####..
 Inner Flame              Hex/Fire       ###.....     9%          3    None
 Aura of Abjuration       Summ           ###.......   52%         5    ####...
 Dazzling Spray           Conj/Hex       #####.       2%          3    None
 Summon Forest            Summ/Tloc      ####......   32%         5    ####...
 Summon Lightning Spire   Summ/Air       ###.....     24%         4    None
 Summon Guardian Golem    Hex/Summ       ###.....     9%          3    None
 Summon Mana Viper        Hex/Summ       ###.....     52%         5    ####...
 Hydra Form               Tmut           ####......   78%         6    #####..
 Irradiate                Conj/Tmut      #####.....   12%         5    ####...
 Infestation              Necr           ###.......   100%        8    #######
 Ignition                 Fire           ###.......   100%        8    #######
 Borgnjor's Vile Clutch   Necr/Erth      ###.......   38%         5    ####...


Dungeon Overview and Level Annotations

Branches:
Dungeon (15/15)            Temple (0/1) D:4            Lair (6/6) D:11
 Shoals (4/4) Lair:4        Snake (4/4) Lair:3        Slime (5/5) Lair:5
    Orc (2/2) D:10            Elf (3/3) Orc:2        Vaults (2/5) D:14
 Depths (5/5) D:15            Zot (3/5) Depths:5
  Crypt: Vaults:2-3

Altars:
Dithmenos
Fedhas
Kikubaaqudgha
Makhleb
Qazlal
Sif Muna
Trog
Uskayaw
Wu Jian
Xom
Zin
The Shining One
Beogh
Jiyva

Shops:
D:5 }   D:6 (   D:7 [   D:8 =   D:11 ?   D:13 (   Orc:2 *%([   Elf:3 !
Shoals:3 (*?*   Snake:2 =}}   Vaults:2 (   Depths:2 ?   Depths:3 %![*

Portals:
Hell: Depths:1 Depths:2 Depths:3 Depths:4 Depths:5
Abyss: Depths:4
Pandemonium: Depths:3 Depths:4
Ziggurat: Depths:1
Trove: Depths:1 (give 17 potions of curing)

Annotations:
D:2 exclusion: downstairs
D:3 Natasha; mordain's ghost, amateur MiMo
D:7 exclusions: hungry ghost and 3 slaves, Pikel
D:13 exclusions: fire dragon and quasit, mordain's ghost, journeyman MiFi
D:14 exclusion: downstairs
Lair:3 exclusions: downstairs and 2 oklob plants
Shoals:1 exclusions: downstairs and kraken
Shoals:3 exclusion: kraken
Orc:2 Violenta's ghost, journeyman MfGl; ultrashaft's ghost, journeyman TrFi
Elf:2 exclusions: ice statue and orange crystal statue
Vaults:2 Sojobo
Depths:1 exclusion: downstairs
Depths:2 exclusion: downstairs
Depths:5 6 runed doors, exclusions: deep troll, deep troll shaman, 6 doors, 2 draconian stormcallers and 3 very ugly things
Zot:1 exclusion: downstairs
Zot:2 exclusions: acid dragon, downstairs, fire dragon, golden dragon, iron dragon, moth of wrath and storm dragon


Innate Abilities, Weirdness & Mutations

You cannot wear most types of armour.
You are very stealthy in the water. (Stealth+)
You are amphibious.
You can wear up to eight rings at the same time.
You can use your tentacles to constrict eight enemies at once.
Your skin changes colour to match your surroundings (Stealth+).
Your rubbery body absorbs attacks. (AC +1, EV +1)
You are somewhat resistant to further mutation.
Your spells are a little harder to cast, but a little more powerful.


Message History

The purple draconian completely misses you.
As you read the scroll of fear, it crumbles to dust.
You assume a fearsome visage.
The death cob is unaffected.
The purple draconian looks frightened!
The white draconian looks frightened!
The black draconian resists with some effort.
The red draconian scorcher looks frightened!
The purple draconian resists with almost no effort.
The white draconian looks frightened!
The green draconian looks frightened!
The purple draconian easily resists.
The red draconian looks frightened!
You constrict the green draconian. The death cob completely misses you.
The purple draconian breathes dispelling energy at you.
The bolt of dispelling energy hits you!
Your magical effects are unravelling.
* * * LOW HITPOINT WARNING * * *
You block the death cob's attack.
You feel better.
Your resistance to elements expires.
You constrict the green draconian. You block the death cob's attack.
The death cob hits you!!
You die...

,,,,*,**,,,,****#.## *,**
*,*,*,,,,**** #..# *..#
**,,***,.** #..## *#..#
*,,,,,,,..** ###..[######...#
***,*,,,...####.§§§.§§§§.....# *
*,,*,,,.........§§§.§§§.....# **
****,,,,......§§§dqD§§§§§....# *,
,,**,,,,......§dd§.d§§§......#**,
,***,,**........@zdd.§.......#*,,
,* *,,**##....§.§....§§......#*,,
,***,,* #....§§..d..........#,,,
,**,,,* ##.................#..,,
,*,,,,* #.....(......####.d...,,
,,,,,,* *#............# *,.....,*
,,,,,,***...........^.#**,,....,*
,**,,,,,,....%.........*,,,,...**
****,,***,*****,.$.>.,,,,,,,...*


You could see a shadow dragon, 2 draconians, a green draconian (fleeing), 3
draconians, a white draconian (fleeing), a death cob and a red draconian
scorcher (fleeing).

Vanquished Creatures
  the Royal Jelly (Slime:5)
  Bai Suzhen (Depths:2)
  A curse toe (Zot:1)
  Nikola (Snake:3)
  A golden dragon (Zot:2)
  the Enchantress (Depths:2)
  A lich (Abyss:2)
  2 electric golems
  3 deep elf blademasters
  6 tentacled monstrosities
  2 titans (Depths:3)
  2 deep elf master archers (Elf:3)
  24 acid blobs
  12 tentacled starspawn
  7 death cobs
  2 Executioners
  Kirke (D:12)
  Donald (Elf:1)
  3 storm dragons
  3 draconian monks
  2 tengu reavers
  8 nagarajas
  Ilsuiw (Shoals:3)
  A daeva (Abyss:2)
  7 fire giants
  Roxanne (Elf:3)
  The ghost of edsrzf the Bludgeoner, an adept HuBe of Trog (D:15)
  4 frost giants
  2 deep elf sorcerers
  6 draconian knights
  10 azure jellies
  3 draconian shifters
  5 vault wardens
  A balrug (Abyss:3)
  A draconian scorcher (Zot:2)
  4 orc warlords
  A ghost moth (shapeshifter) (Abyss:3)
  2 cacodemons
  21 very ugly things
  An iron dragon (Depths:5)
  5 spriggan defenders
  7 ironheart preservers
  5 deep elf elementalists
  3 draconian stormcallers
  5 green draconians
  13 stone giants
  16 starcursed masses
  4 black draconians
  5 deep elf annihilators (Elf:3)
  A lorocyproca (Abyss:2)
  7 deep elf demonologists
  7 yellow draconians
  3 vampire knights
  3 red draconians
  6 white draconians
  10 spark wasps
  3 minotaurs
  Snorg (D:13)
  5 purple draconians
  3 eidola
  8 deep elf death magi
  7 death oozes
  2 crystal guardians (Abyss:3)
  A green death (Abyss:1)
  9 fire dragons
  10 ettins
  6 merfolk impalers
  2 deep elf high priests (Elf:1)
  9 merfolk javelineers
  Josephine (D:10)
  2 great orbs of eyes (shapeshifter) (Abyss:3)
  10 yaktaur captains
  2 blizzard demons (Abyss:2)
  13 great orbs of eyes
  19 naga warriors
  8 ogre magi
  15 vault guards
  4 rakshasas
  8 anacondas
  4 spriggan air magi
  10 ice dragons
  6 hydras
  An alligator snapping turtle (Shoals:3)
  An ice dragon (shapeshifter) (Depths:5)
  2 catoblepae (Depths:2)
  13 centaur warriors
  5 merfolk aquamancers
  4 tengu warriors
  27 dancing weapons
  A merfolk avatar (Lair:6)
  4 satyrs
  3 deep troll shamans
  32 two-headed ogres
  A hell hog (Depths:1)
  2 vampire magi (Depths:3)
  3 deep troll earth magi
  7 spriggan berserkers
  11 naga sharpshooters
  8 thrashing horrors
  21 deep elf knights
  3 sun demons
  4 shock serpents
  2 spatial maelstroms
  8 wretched stars
  Nergalle (D:11)
  A death drake (shapeshifter) (D:14)
  3 sixfirhies
  A death drake (Abyss:3)
  2 shadow wraiths
  7 skeletal warriors
  2 iron trolls
  10 sea snakes
  7 hell knights (Depths:4)
  14 unseen horrors
  8 wizards
  A shadow demon (Abyss:2)
  5 glowing orange brains
  12 deep trolls
  17 harpies
  9 orc knights
  15 deep elf archers
  9 naga ritualists
  12 ironbrand convokers
  A necromancer (Depths:1)
  48 deep elf magi
  9 shining eyes
  An orb spider (shapeshifter) (Elf:2)
  2 wolf spiders (Vaults:1)
  9 mana vipers
  7 salamanders
  16 fauns
  8 manticores
  6 orc sorcerers
  2 oklob plants (Lair:5)
  33 ugly things
  2 worldbinders (Abyss:3)
  A rust devil (Depths:4)
  12 cyclopes
  14 moths of wrath
  3 water nymphs
  6 merfolk sirens
  8 guardian serpents
  An apocalypse crab (Abyss:3)
  4 elephants
  29 black mambas
  25 naga magi
  8 vault sentinels
  15 spiny frogs
  A torpor snail (Lair:4)
  11 smoke demons
  2 orange demons (Abyss:1)
  Psyche (D:8)
  2 eyes of devastation (Slime:5)
  4 gargoyles
  2 yaktaur zombies
  7 komodo dragons
  A hellion (Depths:4)
  A komodo dragon (shapeshifter) (Abyss:3)
  A minotaur skeleton (Lab)
  A rime drake (Lair:3)
  4 demonic crawlers
  2 tormentors
  2 kobold demonologists (D:13)
  An elf (Depths:3)
  41 yaktaurs
  An efreet (Abyss:2)
  2 freezing wraiths
  2 red devils
  5 ancient zymes
  A meliai (shapeshifter) (D:14)
  4 tengu conjurers
  A hellwing (Abyss:1)
  7 trolls
  A queen bee (shapeshifter) (Elf:1)
  A troll (shapeshifter) (Abyss:3)
  A tengu simulacrum (Depths:1)
  25 merfolk
  A wind drake (shapeshifter) (Vaults:1)
  4 polar bears
  Prince Ribbit (D:9)
  A merfolk (shapeshifter) (D:12)
  9 hornets
  9 hippogriffs
  2 wind drakes
  19 blink frogs
  11 dream sheep
  An ice dragon zombie (Depths:1)
  40 slime creatures
  A stone giant simulacrum (Depths:1)
  19 snapping turtles
  38 raiju
  Sigmund (D:6)
  A centaur simulacrum (D:14)
  8 ynoxinuls
  3 air elementals
  4 flying skulls (Abyss:1)
  7 spriggans
  4 shadows
  5 vampires
  6 wyverns
  8 wraiths
  37 yaks
  A hog (shapeshifter) (Abyss:1)
  2 humans
  11 golden eyes
  21 water elementals
  5 basilisks
  A fire bat (Abyss:2)
  4 neqoxecs
  A steam dragon (D:14)
  12 chaos spawn
  53 nagas
  6 spatial vortices
  12 wargs
  2 floating eyes
  28 large abominations
  A soldier ant (D:15)
  A water moccasin (shapeshifter) (Depths:2)
  20 water moccasins
  8 porcupines
  12 hell hounds
  2 acid dragons
  Purgy (D:4)
  A black bear (shapeshifter) (Depths:1)
  10 ice beasts
  A black bear (Lair:4)
  2 eyes of draining (shapeshifter)
  5 sky beasts
  11 boggarts
  7 eyes of draining
  50 orc warriors
  20 ogres
  8 crocodiles
  12 wolves
  30 centaurs
  7 big kobolds
  27 bullfrogs
  A gnoll sergeant (D:11)
  28 small abominations
  An earth elemental (Elf:3)
  A water moccasin skeleton (D:5)
  A scorpion (D:4)
  A hornet simulacrum (D:14)
  5 killer bees
  2 spectral wolves (Depths:3)
  A vampire bat (Abyss:2)
  5 wights
  2 howler monkeys (D:14)
  3 centaur zombies
  A human simulacrum (Vaults:1)
  12 crimson imps
  11 quasits
  16 jellies
  5 bullfrog zombies
  7 hounds
  4 centaur skeletons
  2 bullfrog skeletons
  2 gnoll shamans
  26 orc priests
  7 iguanas
  6 iron imps
  47 orc wizards
  Jessica (D:2)
  Natasha (twice) (D:3)
  12 worker ants
  A hound zombie (D:8)
  2 hound skeletons (D:7)
  Robin (D:2)
  17 gnolls
  A worker ant zombie (D:8)
  11 adders
  2 river rats (D:14)
  9 shadow imps
  7 white imps
  5 ufetubi
  3 oozes
  An adder skeleton (D:6)
  3 worms
  2 dart slugs
  8 leopard geckos
  121 orcs
  8 giant cockroaches
  12 hobgoblins
  24 jackals
  44 kobolds
  3 quokkas
  2 ball pythons
  10 bats
  4 frilled lizards
  18 goblins
  2 quokka skeletons (D:4)
  A quokka zombie (D:5)
  15 rats
  A plant (Shoals:2)
2314 creatures vanquished.

Vanquished Creatures (collateral kills)
  A death cob (Zot:3)
  A green draconian (Zot:3)
  A black draconian (Zot:3)
3 creatures vanquished.

Vanquished Creatures (others)
  A tengu reaver (Vaults:2)
  A vault warden (Vaults:2)
  A hell knight (Vaults:2)
  A glowing orange brain (shapeshifter) (Depths:1)
  A deep elf mage (Elf:2)
  A cyclops (Depths:3)
  A smoke demon (Abyss:3)
  6 humans (D:12)
  A golden eye (Abyss:3)
  8 fungi
  2 lurking horrors (Abyss:3)
  38 plants
  24 starspawn tentacles
86 creatures vanquished.

Grand Total: 2403 creatures vanquished

Notes
Turn   | Place    | Note
-------+----------+-------------------------------------------
     0 | D:1      | DrEnzyme the Octopode Wanderer began the quest for the Orb.
     0 | D:1      | DrEnzyme set off with: a +0 club, a ration
     0 | D:1      | Reached XP level 1. HP: 11/11 MP: 5/5
     2 | D:1      | Learned a level 1 spell: Sting
     9 | D:1      | Learned a level 1 spell: Flame Tongue
   199 | D:1      | Reached XP level 2. HP: 17/17 MP: 4/7
   682 | D:1      | Reached XP level 3. HP: 21/21 MP: 7/9
  1032 | D:2      | Noticed Jessica
  1037 | D:2      | Killed Jessica
  1077 | D:2      | Reached XP level 4. HP: 27/27 MP: 4/10
  1152 | D:2      | Reached skill level 1 in Conjurations
  1386 | D:2      | Noticed Robin
  1404 | D:2      | Killed Robin
  1482 | D:2      | Reached skill level 5 in Spellcasting
  1548 | D:2      | Found a stormy altar of Qazlal.
  1548 | D:2      | Found a glowing silver altar of Zin.
  1560 | D:2      | Upgraded the game from 0.22-a0-448-g1fb7470 to 0.22-a0-455-ga0624bf
  1770 | D:2      | Found a shimmering altar of Xom.
  1816 | D:2      | Reached XP level 5. HP: 25/31 MP: 8/12
  1860 | D:2      | Found a burning altar of Makhleb.
  1945 | D:2      | Learned a level 2 spell: Poisonous Vapours
  1949 | D:2      | Learned a level 3 spell: Mephitic Cloud
  1953 | D:2      | Learned a level 3 spell: Spider Form
  2574 | D:3      | Noticed a moth of wrath
  2577 | D:3      | Found a bloodstained altar of Trog.
  2793 | D:3      | Found a shadowy altar of Dithmenos.
  2827 | D:3      | Noticed mordain's ghost (amateur MiMo)
  2836 | D:3      | Became a worshipper of Dithmenos the Shadowed
  3076 | D:3      | Reached skill level 1 in Stealth
  3107 | D:3      | Noticed Natasha
  3120 | D:3      | Killed Natasha
  3120 | D:3      | Reached skill level 1 in Shields
  3352 | D:3      | Reached XP level 6. HP: 25/37 MP: 9/13
  3622 | D:3      | Reached * piety under Dithmenos
  3622 | D:3      | Reached skill level 1 in Short Blades
  3750 | D:3      | Noticed Natasha
  3755 | D:3      | Killed Natasha
  3943 | D:3      | Reached skill level 1 in Fighting
  4133 | D:3      | Noticed Natasha
  4653 | D:4      | Reached XP level 7. HP: 43/43 MP: 15/15
  5207 | D:4      | Noticed Purgy
  5214 | D:4      | Killed Purgy
  5214 | D:4      | Reached ** piety under Dithmenos
  5214 | D:4      | Reached skill level 5 in Poison Magic
  5285 | D:4      | Found a staircase to the Ecumenical Temple.
  5890 | D:4      | Learned a level 4 spell: Olgreb's Toxic Radiance
  5927 | D:5      | Entered Level 5 of the Dungeon
  6006 | D:5      | Reached XP level 8. HP: 37/48 MP: 10/16
  6560 | D:5      | Found a blossoming altar of Fedhas.
  6948 | D:5      | Found Jizin's Gadget Boutique.
  7218 | D:6      | Found Puycoc's Antique Weapon Boutique.
  7408 | D:6      | Reached *** piety under Dithmenos
  7707 | D:6      | Reached XP level 9. HP: 54/54 MP: 19/19
  7808 | D:6      | Noticed Sigmund
  7828 | D:6      | Killed Sigmund
  7828 | D:6      | Reached skill level 2 in Fighting
  9072 | D:7      | Found Roem's Antique Armour Shoppe.
  9104 | D:7      | Noticed Pikel
  9106 | D:7      | Reached skill level 5 in Stealth
  9476 | D:7      | Reached skill level 5 in Short Blades
  9483 | D:7      | Reached skill level 3 in Fighting
  9524 | D:7      | Noticed a hornet
  9533 | D:7      | Killed a hornet
  9645 | D:7      | Noticed a cyclops
  9698 | D:7      | Found an ornate altar of the Wu Jian Council.
 10168 | D:7      | Killed a cyclops
 10168 | D:7      | Reached skill level 4 in Fighting
 10168 | D:7      | Reached XP level 10. HP: 39/63 MP: 5/20
 10325 | D:8      | Found a hide-covered altar of Uskayaw.
 10352 | D:8      | Got an encrusted rapier
 10358 | D:8      | Identified the +11 rapier of Glory {pierce, MR++} (You found it on level 8 of the Dungeon)
 10411 | D:8      | Found Awipt's Jewellery Boutique.
 10432 | D:8      | Bought the ring of Imaibiugi {rPois MR- Str+3 Dex+3} for 348 gold pieces
 10464 | D:8      | Noticed Psyche
 10471 | D:8      | Killed Psyche
 10979 | D:8      | Reached **** piety under Dithmenos
 11763 | D:9      | Reached skill level 1 in Dodging
 12263 | D:9      | Found a glowing golden altar of the Shining One.
 12427 | D:9      | Noticed Prince Ribbit
 12435 | D:9      | Killed Prince Ribbit
 12470 | D:9      | Reached ***** piety under Dithmenos
 12708 | D:10     | Entered Level 10 of the Dungeon
 12708 | D:10     | Noticed a cyclops
 12715 | D:10     | Killed a cyclops
 12715 | D:10     | Reached skill level 10 in Stealth
 13130 | D:10     | Reached XP level 11. HP: 65/70 MP: 11/21
 13150 | D:10     | Found a flagged portal.
 13277 | Bailey   | Entered a bailey
 13396 | Bailey   | Noticed an orc knight
 13648 | Bailey   | Killed an orc knight
 14087 | Bailey   | Identified Herhueg's Volume of the Supportive Rocks
 14341 | D:10     | Noticed a two-headed ogre
 14344 | D:10     | Found a staircase to the Orcish Mines.
 14524 | D:10     | Killed an unseen horror
 14524 | D:10     | Reached skill level 5 in Fighting
 14556 | D:10     | Noticed Josephine
 14570 | D:10     | Killed Josephine
 15870 | D:11     | Noticed Nergalle
 16010 | D:10     | Reached skill level 1 in Evocations
 16364 | D:11     | Reached skill level 10 in Poison Magic
 16427 | D:11     | Noticed a two-headed ogre
 16451 | D:11     | Found Kihuriq's Magic Scroll Emporium.
 16464 | D:11     | Bought a scroll of magic mapping for 52 gold pieces
 16464 | D:11     | Bought a scroll of identify for 30 gold pieces
 16464 | D:11     | Bought a scroll of magic mapping for 52 gold pieces
 16464 | D:11     | Bought a scroll of identify for 30 gold pieces
 16464 | D:11     | Bought a scroll of fog for 30 gold pieces
 16464 | D:11     | Bought a scroll of blinking for 112 gold pieces
 17171 | D:11     | Killed Nergalle
 17289 | D:11     | Reached XP level 12. HP: 50/78 MP: 22/22
 17450 | D:11     | Noticed a two-headed ogre
 17610 | D:11     | Reached skill level 1 in Unarmed Combat
 17732 | D:11     | Noticed a two-headed ogre
 17792 | D:10     | Killed a two-headed ogre
 17792 | D:10     | Reached skill level 6 in Fighting
 17944 | D:11     | Killed a two-headed ogre
 18044 | Orc:1    | Entered Level 1 of the Orcish Mines
 18059 | Orc:1    | Reached skill level 5 in Dodging
 18070 | Orc:1    | Reached skill level 10 in Short Blades
 18484 | D:11     | Killed a two-headed ogre
 18677 | D:11     | Killed a two-headed ogre
 18853 | D:11     | Found a staircase to the Lair.
 18991 | Lair:1   | Entered Level 1 of the Lair of Beasts
 19006 | Lair:1   | Found a labyrinth entrance.
 19015 | Lab      | Entered a labyrinth
 19838 | Lab      | Noticed a minotaur
 20085 | Lab      | HP: 4/80 [minotaur/silver javelin (25)]
 20757 | Lair:1   | Learned a level 3 spell: Conjure Flame
 21052 | Lair:1   | Identified a scroll of acquirement
 21459 | Lair:2   | Reached skill level 7 in Fighting
 22346 | Lair:3   | Found a staircase to the Snake Pit.
 22674 | Lair:3   | Reached XP level 13. HP: 86/86 MP: 23/23
 23456 | Lair:4   | Got a scorched marble ring
 23457 | Lair:4   | Identified the ring "Solo" {Ice Str+7 Dex-5 SInv Stlth-} (You found it on level 4 of the Lair of Beasts)
 23469 | Lair:4   | Found a staircase to the Shoals.
 24051 | Lair:4   | Reached skill level 5 in Conjurations
 25445 | D:8      | Bought a +5 ring of strength for 494 gold pieces
 25714 | Orc:2    | Entered Level 2 of the Orcish Mines
 25744 | Orc:2    | Found a roughly hewn altar of Beogh.
 25770 | Orc:2    | Reached ****** piety under Dithmenos
 25865 | Orc:2    | Noticed an orc warlord
 26117 | Orc:2    | Killed an orc warlord
 26541 | Orc:2    | Found a roughly hewn altar of Beogh.
 26562 | Orc:2    | Found a staircase to the Elven Halls.
 26977 | Orc:2    | Found a roughly hewn altar of Beogh.
 27019 | Orc:2    | Noticed Violenta's ghost (journeyman MfGl)
 27146 | Orc:2    | Noticed ultrashaft's ghost (journeyman TrFi)
 27942 | Orc:2    | Found a roughly hewn altar of Beogh.
 27946 | Orc:2    | Found Recva's Food Emporium.
 28167 | Orc:2    | Learned a level 5 spell: Venom Bolt
 28175 | Orc:2    | Found a roughly hewn altar of Beogh.
 28768 | Orc:2    | Found Looko's Antique Weapon Shoppe.
 28768 | Orc:2    | Found a roughly hewn altar of Beogh.
 28769 | Orc:2    | Found Eshraschie's Antique Armour Emporium.
 28788 | Orc:2    | Bought a runed buckler for 180 gold pieces
 28788 | Orc:2    | Bought an embroidered hat for 168 gold pieces
 28940 | Orc:2    | Noticed an orc warlord
 28940 | Orc:2    | Found a roughly hewn altar of Beogh.
 28978 | Orc:2    | Killed an orc warlord
 28978 | Orc:2    | Reached XP level 14. HP: 74/93 MP: 2/27
 28993 | Orc:2    | Found Fixkuf's General Store.
 28998 | Orc:2    | Bought a +3 ring of strength for 251 gold pieces
 28998 | Orc:2    | Bought a potion of haste for 160 gold pieces
 29491 | Lair:5   | Reached skill level 8 in Fighting
 29643 | Lair:5   | Found a staircase to the Slime Pits.
 30429 | Lair:6   | Entered Level 6 of the Lair of Beasts
 31013 | Lair:6   | Reached skill level 10 in Spellcasting
 31428 | Lair:6   | Reached skill level 5 in Evocations
 32498 | D:12     | Noticed Kirke
 32862 | D:12     | Killed Kirke
 33145 | D:12     | Reached skill level 9 in Fighting
 33423 | D:12     | Reached XP level 15. HP: 93/101 MP: 7/29
 34165 | D:13     | Noticed Snorg
 34171 | D:13     | Killed Snorg
 34336 | D:13     | Found Nuorown's Antique Weapon Shop.
 36158 | D:14     | Got an encrusted great sword
 36460 | D:11     | Identified the +10 great sword "Ynuif" {slice, +Blink rElec Int+4} (You found it on level 14 of the Dungeon)
 36544 | D:13     | Noticed mordain's ghost (journeyman MiFi)
 37190 | D:14     | Found a gate to the Vaults.
 37566 | D:15     | Entered Level 15 of the Dungeon
 37592 | D:15     | Reached skill level 10 in Fighting
 37750 | D:15     | Noticed edsrzf's ghost (adept HuBe)
 38295 | Snake:1  | Entered Level 1 of the Snake Pit
 38914 | Shoals:1 | Entered Level 1 of the Shoals
 39199 | D:8      | Bought the amulet "Dustrimou" {+Rage Dex+7} for 740 gold pieces
 39457 | Shoals:1 | Reached XP level 16. HP: 111/111 MP: 26/30
 39495 | Shoals:1 | Reached skill level 11 in Fighting
 39777 | Shoals:1 | Reached skill level 1 in Slings
 39917 | Shoals:1 | Noticed a kraken
 39958 | Shoals:1 | Got a fine glaive
 39959 | Shoals:1 | Identified the cursed +1 glaive of Desperation {freeze, +Blink} (You found it on level 1 of the Shoals)
 40809 | Shoals:2 | Reached skill level 10 in Dodging
 40833 | Shoals:2 | Noticed a kraken
 41748 | Shoals:3 | Found Aheoqose's Weapon Emporium.
 41959 | Shoals:3 | Found Wolam's General Store.
 42758 | Shoals:3 | Noticed a kraken
 43177 | Shoals:3 | Found Vuabodif's Magic Scroll Shoppe.
 43353 | Shoals:3 | Found Xyaripso's Assorted Antiques.
 43373 | Shoals:3 | Reached skill level 5 in Slings
 43387 | Shoals:3 | Bought a glowing wooden ring for 160 gold pieces
 43471 | Shoals:4 | Entered Level 4 of the Shoals
 43766 | Shoals:4 | Noticed Ilsuiw
 43798 | Shoals:4 | Noticed a kraken
 44623 | Shoals:3 | Learned a level 6 spell: Poison Arrow
 44851 | Elf:1    | Entered Level 1 of the Elven Halls
 45227 | Elf:1    | Noticed Donald
 45262 | Elf:1    | Reached skill level 12 in Fighting
 45278 | Elf:1    | Reached XP level 17. HP: 110/119 MP: 21/31
 45542 | Elf:1    | Killed Donald
 46398 | Elf:2    | Learned a level 4 spell: Sticky Flame
 46422 | Elf:2    | Got a steaming hat
 46433 | Elf:2    | Identified the +3 hat "Irecopp" {Int+4 Dex+3} (You found it on level 2 of the Elven Halls)
 47243 | Elf:2    | Found a runed gate.
 47243 | Elf:2    | Found a runed gate.
 47243 | Elf:2    | Found a runed gate.
 47405 | Elf:2    | Reached skill level 13 in Fighting
 47425 | Elf:3    | Entered Level 3 of the Elven Halls
 47495 | Elf:3    | Found Utillao's Distillery.
 47909 | D:11     | Gained mutation: You are somewhat resistant to further mutation. [potion of mutation]
 48346 | Elf:3    | Noticed Roxanne
 48494 | Elf:3    | Noticed a deep elf blademaster
 48494 | Elf:3    | Noticed a deep elf master archer
 48496 | Elf:3    | Noticed a deep elf blademaster
 48497 | Elf:3    | Killed a deep elf master archer
 48822 | Elf:3    | Killed Roxanne
 48829 | Elf:3    | Identified Roxanne's Almanac of the Rocks (You took it off Roxanne on level 3 of the Elven Halls)
 49482 | Shoals:3 | Bought 2 scrolls of teleportation for 192 gold pieces
 49486 | Shoals:3 | Bought a scroll of fog for 64 gold pieces
 49996 | Shoals:3 | Killed Ilsuiw
 50137 | Shoals:4 | Reached XP level 18. HP: 80/130 MP: 12/32
 50689 | Shoals:4 | Reached skill level 10 in Slings
 50828 | Shoals:4 | Got a barnacled rune of Zot
 50847 | Shoals:4 | Identified the Guide on Shifting Ice
 50853 | Shoals:4 | Learned a level 3 spell: Ignite Poison
 50864 | Shoals:4 | Reached skill level 14 in Fighting
 50912 | Shoals:3 | Bought a scroll of teleportation for 51 gold pieces
 51206 | Elf:2    | Noticed a deep elf blademaster
 51213 | Elf:2    | Killed a deep elf blademaster
 52645 | Elf:3    | Noticed a deep elf master archer
 52789 | Elf:3    | Killed a deep elf master archer
 53365 | Elf:3    | Killed a deep elf blademaster
 53381 | Elf:3    | Killed a deep elf blademaster
 53542 | Elf:3    | Found the +7 longbow "Piercer" {penet, EV-2}
 54394 | Snake:1  | Reached skill level 15 in Fighting
 54999 | Snake:2  | Reached XP level 19. HP: 139/139 MP: 33/33
 56736 | Snake:2  | Found Muovejai's Jewellery Shop.
 56736 | Snake:2  | Found Plog's Gadget Emporium.
 56737 | Snake:2  | Found Xiott's Gadget Emporium.
 56757 | Snake:2  | Bought the cursed ring "Ylocic" {Int+6 Dex-3 Slay+2} for 392 gold pieces
 57180 | Snake:3  | Noticed Nikola
 57182 | Snake:3  | Killed Nikola
 58118 | Snake:3  | Reached skill level 1 in Transmutations
 58320 | Snake:4  | Entered Level 4 of the Snake Pit
 58651 | Snake:4  | Learned a level 1 spell: Apportation
 59946 | Snake:4  | Reached skill level 16 in Fighting
 60827 | Snake:4  | Got a warped jade ring
 61180 | Snake:4  | Reached XP level 20. HP: 148/148 MP: 34/34
 61194 | Snake:4  | Got a serpentine rune of Zot
 61590 | D:11     | Identified the ring of Luin {rN+ AC+2 Dex+7} (You took it off a naga warrior on level 4 of the Snake Pit)
 61775 | D:15     | Killed edsrzf's ghost
 61784 | D:15     | Found a staircase to the Depths.
 62442 | Snake:2  | Bought the ring "Apreor" {rF+ Str-4 Dex+6} for 579 gold pieces
 63159 | Vaults:1 | Entered Level 1 of the Vaults
 63340 | Depths:1 | Entered Level 1 of the Depths
 63421 | Depths:1 | Found a gateway to a ziggurat.
 64280 | Depths:1 | Found a portal to a secret trove of treasure.
 64334 | Depths:1 | Reached skill level 17 in Fighting
 64349 | Depths:1 | Reached skill level 10 in Evocations
 64765 | Depths:1 | Found a gateway to Hell.
 65173 | Depths:1 | Reached skill level 5 in Shields
 65360 | Depths:2 | Noticed Bai Suzhen
 65367 | Depths:2 | Cast into level 3 of the Abyss (a Zot trap)
 65612 | Abyss:3  | Noticed a bone dragon
 65894 | Abyss:3  | Noticed a bone dragon
 65926 | Abyss:3  | Reached skill level 1 in Translocations
 66020 | Depths:2 | Escaped the Abyss
 66052 | Depths:2 | Found a hide-covered altar of Uskayaw.
 67157 | Depths:2 | Found Voaliem's Magic Scroll Emporium.
 67182 | Depths:2 | Bought a scroll of blinking for 112 gold pieces
 67182 | Depths:2 | Bought a scroll of teleportation for 45 gold pieces
 67182 | Depths:2 | Bought a scroll of teleportation for 45 gold pieces
 67182 | Depths:2 | Bought a scroll of enchant weapon for 112 gold pieces
 67385 | Depths:2 | Reached XP level 21. HP: 109/157 MP: 35/35
 67669 | Depths:2 | Reached skill level 15 in Dodging
 68241 | Depths:3 | Found a one-way gate leading to the halls of Pandemonium.
 68976 | Depths:2 | Noticed the Enchantress
 69006 | Depths:2 | Killed the Enchantress
 69673 | Depths:2 | Killed Bai Suzhen
 69673 | Depths:2 | Reached skill level 18 in Fighting
 69673 | Depths:2 | Reached skill level 10 in Shields
 69857 | Depths:2 | Learned a level 5 spell: Alistair's Intoxication
 70205 | D:11     | Bought a scroll of enchant weapon for 112 gold pieces
 71244 | Depths:3 | Found Ydirhah's Slaves and Accessories.
 71273 | Depths:3 | Found The Legendary Omulan's Legendary Smithy.
 71319 | Depths:3 | Found Jack's Jerk-a-riffic Jerky.
 71371 | Depths:3 | Found Lemeqy's Miraculous Elixirs.
 71537 | Depths:3 | Found a bloodstained altar of Trog.
 71618 | Depths:3 | Found a deep blue altar of Sif Muna.
 71662 | Depths:3 | Found an ancient bone altar of Kikubaaqudgha.
 72154 | Depths:3 | Reached XP level 22. HP: 147/166 MP: 36/36
 73064 | Depths:4 | Found the +27 Lear's hauberk
 73550 | Depths:4 | Found a one-way gate to the infinite horrors of the Abyss.
 73601 | Depths:4 | Voluntarily entered the Abyss.
 73728 | Depths:4 | Escaped the Abyss
 73807 | Depths:4 | Voluntarily entered the Abyss.
 74311 | Abyss:2  | Found a corrupted altar of Lugonu.
 74510 | Abyss:2  | Paralysed by accursed screaming for 2 turns
 74606 | Depths:4 | Escaped the Abyss
 75117 | D:11     | Bought a scroll of acquirement for 780 gold pieces
 75121 | D:11     | Got a faintly glowing platinum ring
 75123 | D:11     | Identified the ring "Fysia" {+Inv MP+9 Str-4 Dex+5} (You acquired it on level 11 of the Dungeon)
 75789 | Vaults:1 | Reached skill level 19 in Fighting
 76586 | Vaults:1 | Reached XP level 23. HP: 158/174 MP: 37/37
 77250 | Vaults:2 | Cast into level 2 of the Abyss (a deep elf demonologist)
 77466 | Vaults:2 | Escaped the Abyss
 78227 | Depths:3 | Reached skill level 15 in Shields
 79740 | Vaults:2 | Found Qiyretre's Antique Weapon Shop.
 79740 | Vaults:2 | Noticed Sojobo
 80858 | Slime:1  | Entered Level 1 of the Pits of Slime
 80875 | Slime:1  | Reached skill level 20 in Fighting
 81539 | Slime:1  | Reached XP level 24. HP: 183/183 MP: 37/37
 81969 | Slime:4  | Gained mutation: You are frail. (-10% HP) [a shining eye]
 81987 | Slime:4  | Gained mutation: Your magical capacity is low. (-10% MP) [a shining eye]
 81995 | Slime:4  | Gained mutation: Your body sometimes deteriorates upon taking damage. [a shining eye]
 82012 | Slime:5  | Entered Level 5 of the Pits of Slime
 82290 | Slime:5  | Found a viscous altar of Jiyva.
 82292 | Slime:5  | Noticed the Royal Jelly
 82415 | Slime:5  | Found the +7 Kryia's mail coat {PotionHeal*2 rC+}
 83216 | Slime:5  | Killed the Royal Jelly
 83958 | Slime:5  | Got a slimy rune of Zot
 84276 | D:11     | Lost mutation: You are frail. (-10% HP) [potion of mutation]
 84276 | D:11     | Lost mutation: Your body sometimes deteriorates upon taking damage. [potion of mutation]
 84276 | D:11     | Lost mutation: Your magical capacity is low. (-10% MP) [potion of mutation]
 84276 | D:11     | Gained mutation: Your spells are a little harder to cast, but a little more powerful. [potion of mutation]
 84983 | Depths:5 | Entered Level 5 of the Depths
 85396 | Depths:4 | Reached skill level 21 in Fighting
 85792 | Depths:5 | Found a runed gate.
 85793 | Depths:5 | Found a runed gate.
 85801 | Depths:5 | Found a runed gate.
 85803 | Depths:5 | Found the +2 Maxwell's thermic engine {flame, freeze, rF- rC-}
 85804 | Depths:5 | Found a runed gate.
 85804 | Depths:5 | Found a runed gate.
 85804 | Depths:5 | Found a runed gate.
 86061 | Depths:5 | Found a gate to the Realm of Zot.
 86867 | Zot:1    | Entered Level 1 of the Realm of Zot
 86873 | Zot:1    | Reached XP level 25. HP: 191/191 MP: 37/37
 89580 | Zot:1    | Identified the +5 broad axe "Nohuiryrphuth" {speed, Int-3 Dex+5} (You took it off a black draconian on level 1 of the Realm of Zot)
 90191 | Zot:2    | Reached skill level 1 in Staves
 90583 | Depths:4 | Voluntarily entered the Abyss.
 90823 | Abyss:1  | Identified the +3 morningstar of Juatoerph {crush, +Rage rElec Str+3 Int+4} (You found it on level 1 of the Abyss)
 90899 | Abyss:1  | Found a deep blue altar of Sif Muna.
 90921 | Abyss:1  | Found a deep blue altar of Sif Muna.
 90946 | Abyss:1  | Reached skill level 15 in Stealth
 91085 | Abyss:1  | Found a deep blue altar of Sif Muna.
 91186 | Abyss:1  | Found a corrupted altar of Lugonu.
 91389 | Depths:4 | Escaped the Abyss
 91395 | Depths:4 | Voluntarily entered the Abyss.
 91774 | Abyss:1  | Found a corrupted altar of Lugonu.
 92122 | Depths:4 | Escaped the Abyss
 92219 | Depths:4 | Voluntarily entered the Abyss.
 92233 | Depths:4 | Escaped the Abyss
 92235 | Depths:4 | Voluntarily entered the Abyss.
 92473 | Abyss:2  | Found a corrupted altar of Lugonu.
 92548 | Abyss:2  | Found a corrupted altar of Lugonu.
 92786 | Abyss:2  | Reached skill level 22 in Fighting
 92957 | Abyss:3  | Found an ancient bone altar of Kikubaaqudgha.
 93301 | Abyss:3  | Found a corrupted altar of Lugonu.
 93324 | Abyss:3  | Found a corrupted altar of Lugonu.
 93735 | Abyss:3  | Reached XP level 26. HP: 140/193 MP: 37/37
 93743 | Abyss:3  | Got a slimy mace
 93744 | Abyss:3  | Identified the +1 mace "Latudiz" {speed, rElec rC+ MR- Int+4 Stlth+} (You found it on level 3 of the Abyss)
 94395 | Abyss:3  | Found a hide-covered altar of Uskayaw.
 94519 | Abyss:3  | Found a corrupted altar of Lugonu.
 94770 | Abyss:3  | Found a corrupted altar of Lugonu.
 95120 | Abyss:3  | Got an abyssal rune of Zot
 95213 | Depths:4 | Escaped the Abyss
 95698 | Zot:2    | Noticed an orb of fire
 96276 | Zot:3    | Mangled by a death cob

Vault maps used:
D:1:      roderic_crossed_star
D:2:      overflow_temple_1_default, nicolae_overflow_hidden_temple,
          marbit_many_paths, first_ration, serial_bayou, serial_bayou_pond_c,
          serial_bayou_lagoon_a, serial_bayou_crossing, serial_bayou_shore_a,
          uniq_robin, uniq_jessica
D:3:      wad_river_or_something, tgw_trog, nicolae_dithmenos_shadow_blocks,
          uniq_natasha
D:4:      minmay_temple_entry_nine_rooms, uniq_purgy
D:5:      serial_shops, kennysheep_little_box, basic_altar
D:6:      serial_shops, shop_fountains, uniq_sigmund
D:7:      lemuel_doored_altar, serial_shops, nicolae_shop_crystal, hex_large,
          minmay_misc_feat_hallway, uniq_pikel
D:8:      eat_drink_and_be_merry_uskayaw, serial_shops,
          nicolae_shop_window_shopping, uniq_psyche
D:9:      grunt_pizzeria, nicolae_tso_swordbearing_angel, uniq_prince_ribbit1
D:10:     david_orc_2, enter_bailey_8, minmay_misc_feat_alley, uniq_josephine
D:11:     erik_lair_orcish_takeover, serial_shops, shop, uniq_nergalle
D:12:     hangedman_cross_stitches, serial_bayou_pond_b, kennysheep_nub,
          uniq_kirke
D:13:     serial_shops, nicolae_shop_waterfront, uniq_snorg
D:14:     kennysheep_tiny_hell, grunt_vaults_entry_fortified, nrook_uturn,
          serial_column_ruins, column_ruins_open_medium,
          column_ruins_open_large, column_ruins_grid_1, column_ruins_grid_4,
          column_ruins_corridor_water, column_ruins_open_medium,
          column_ruins_open_tiny
D:15:     grunt_enter_depths_hoard, serial_park_tiny_pond
Lair:1:   lab_entry_generic
Lair:3:   guppyfry_snake_entry_garden, disabler_island
Lair:4:   elwin_shoals_entry_rocks
Lair:5:   minmay_slime_entry_oklob_enclosed
Lair:6:   gammafunk_lair_ancient_temple
Shoals:3: serial_shops, shop_fountains, shop_scrolls, nicolae_shop_trees, shop
Shoals:4: shoals_end_simple, shoal_ilsuiw
Snake:2:  minmay_shop_grove, grunt_megastairs_4
Snake:3:  grunt_megastairs_1, uniq_nikola
Snake:4:  snake_pit, nrook_guardian_serpent_ordinary
Slime:4:  basic_altar
Orc:2:    grunt_orc_community_town_hall, grunt_orc_community_big_house_1,
          grunt_orc_community_big_house_2, grunt_orc_community_house_3,
          grunt_orc_community_house_2, grunt_orc_community_house_3,
          grunt_orc_community_house_1, basic_altar
Elf:1:    minmay_elf_arrival_summoners, kennysheep_underground_church,
          uniq_donald
Elf:2:    st_stairs_3, guppyfry_elf_altar
Elf:3:    grunt_elf_hall_asides, serial_shops, shop, uniq_roxanne
Vaults:1: v_misc_5, hangedman_vaults_slice, v_pattern_5, v_misc_5,
          vaults_mumra_chevron_long, vaults_room_semicircle,
          vaults_dpeg_diagonal, v_alt_pattern_2, nicolae_vaults_angled_halls,
          serial_ice_b, vaults_dpeg_encased_lava
Vaults:2: st_greater_box_1, ontoclasm_vaults_claustrophobia,
          ontoclasm_vaults_gateway, nicolae_vaults_network_star,
          nicolae_vaults_triangles, dpeg_vaults_monster_box,
          grunt_vaults_funnel, serial_shops, shop, uniq_sojobo
Depths:1: enter_ziggurat_a, hangedman_decor_diamond_cutter, grunt_hell_horde,
          nicolae_trove_entry_crossroad, serial_bayou_lagoon_b
Depths:2: regret_index_uskayaw_diablada_macabre, serial_shops, kennysheep_mini,
          hell_entry, uniq_bai_suzhen, uniq_enchantress
Depths:3: grated_community_mu, minmay_misc_feat_five, grunt_hell_entry_dis_mu,
          rand_demon_pan_entry_7
Depths:4: kennysheep_demon_jail, minmay_room_of_horrors,
          hangedman_tar_grid_catacomb, moated_statue, special_room, pan_entry,
          spider_trap, basic_stair_grate_trap, infiniplex_staircase_squiggle
Depths:5: evilmike_zot_entry_argh, minmay_door_square, hell_entry,
          nicolae_water_bricks, minmay_misc_feat_square,
          brannock_guarded_unrand_thermic_engine
Zot:2:    st_large_dragon_hoard_1
Abyss:1:  minivault_23
Abyss:2:  minivault_24, evilmike_abyss_exit_16, hangedman_abyss_batty_box
Abyss:3:  minivault_13, gammafunk_abyss_rune_reverse_zot, evilmike_abyss_exit_4,
          hangedman_abyss_or_decor_clamps
Lab:      nicolae_lab_arrow, nicolae_lab_very_dead_end, nicolae_lab_swirl,
          nicolae_lab_blocks, lab_fountain, labyrinth_glass_1,
          nicolae_lab_starburst, lab_statue, nicolae_lab_grate_2
Bailey:   bailey_axe_4, bailey

Skill      XL: |  1  2  3  4  5  6  7  8  9 10 11 12 13 14 15 16 17 18 19 20 21 22 23 24 25 26 |
---------------+-------------------------------------------------------------------------------+-----
Poison Magic   | 3 4 5 6 7 10 11 13 | 13.1
Conjurations   | 2 4 5 6 |  6.5
Spellcasting   | 5 6 7 9 10 | 10.0
Stealth        | 1 2 3 7 10 11 12 14 17 20 | 20.3
Shields        | 1 2 4 8 11 14 15 | 15.0
Short Blades   | 1 2 3 6 8 9 10 11 12 14 | 14.0
Fighting       | 1 4 5 7 9 10 12 13 15 16 17 18 19 20 21 22 | 22.2
Dodging        | 2 3 6 7 8 9 10 11 13 14 15 16 18 20 | 20.9
Evocations     | 1 5 7 9 10 | 10.0
Unarmed Combat | 2 |  2.0
Slings         | 6 9 12 13 | 13.9
Transmutations | 1 2 |  2.2
Translocations | 1 2 3 |  3.6
Staves         | 1 |  1.8
Throwing       | |  2.0
Necromancy     | |  1.0
Air Magic      | |  0.1
Earth Magic    | |  1.0

Action                   |  1- 3 |  4- 6 |  7- 9 | 10-12 | 13-15 | 16-18 | 19-21 | 22-24 | 25-27 || total
-------------------------+-------+-------+-------+-------+-------+-------+-------+-------+-------++-------
Melee: Dagger            |     6 |    56 |       |       |       |       |       |       |       ||    62
       Constrict         |     3 |    37 |    31 |    42 |   103 |   150 |   107 |   125 |   106 ||   704
       Tentacles         |     2 |    22 |    43 |    81 |   219 |   281 |   601 |   772 |   555 ||  2576
       Rapier            |       |    80 |   150 |   346 |   751 |   631 |    34 |       |       ||  1992
       Unarmed           |       |    16 |       |    22 |       |       |       |       |       ||    38
       Punch             |       |       |       |     1 |    18 |    21 |    47 |    47 |    33 ||   167
       Staff             |       |       |       |       |     7 |     5 |     2 |     3 |    15 ||    32
       Quick blade       |       |       |       |       |       |    47 |  1365 |  1581 |  1145 ||  4138
 Fire: Hunting sling     |       |    17 |     1 |     6 |       |       |       |       |       ||    24
       Fustibalus        |       |       |       |       |     8 |   100 |   221 |     8 |    25 ||   362
Throw: Tomahawk          |       |       |       |     1 |       |       |       |       |       ||     1
 Cast: Sting             |    45 |   101 |       |       |       |       |       |       |       ||   146
       Poisonous Vapours |       |    11 |   103 |   225 |   253 |   190 |    16 |     5 |     5 ||   808
       Spider Form       |       |     2 |       |     1 |       |       |       |       |       ||     3
       Olgreb's Toxic Ra |       |       |       |    23 |    66 |    17 |    14 |    14 |     2 ||   136
       Mephitic Cloud    |       |       |       |    14 |    49 |    37 |    16 |    12 |     2 ||   130
       Conjure Flame     |       |       |       |       |    12 |       |     1 |       |     1 ||    14
       Venom Bolt        |       |       |       |       |       |    31 |    13 |    15 |    35 ||    94
       Ignite Poison     |       |       |       |       |       |     1 |     2 |       |     1 ||     4
       Apportation       |       |       |       |       |       |       |     7 |     9 |    14 ||    30
       Alistair's Intoxi |       |       |       |       |       |       |       |     1 |     6 ||     7
       Sticky Flame      |       |       |       |       |       |       |       |       |     3 ||     3
Invok: Shadow Step       |       |       |       |       |     1 |    13 |     2 |     1 |       ||    17
Evoke: Wand              |       |       |       |     2 |     1 |       |    12 |     7 |       ||    22
       Box of beasts     |       |       |       |       |       |       |       |       |     1 ||     1
  Use: Scroll            |     5 |     5 |     3 |    26 |    11 |    23 |    11 |    17 |    12 ||   113
       Potion            |       |     1 |     2 |     8 |     5 |    10 |     7 |    17 |    11 ||    61
 Stab: Sleeping          |       |    10 |    13 |    44 |    79 |    52 |   100 |   125 |    23 ||   446
       Distracted        |       |       |     1 |     4 |     8 |    10 |    24 |    20 |    44 ||   111
       Confused          |       |       |       |     1 |    12 |     7 |    13 |    18 |     3 ||    54
       Petrified         |       |       |       |       |       |       |     3 |       |       ||     3
       Petrifying        |       |       |       |       |       |       |     1 |       |       ||     1
       Invisible         |       |       |       |       |       |       |       |       |     3 ||     3
  Eat: Chunk             |       |     7 |    30 |    40 |    60 |    19 |    17 |    12 |     7 ||   192
       Ration            |       |     2 |       |       |       |    10 |    11 |    11 |     9 ||    43
Armor: Skin              |     1 |    34 |    16 |    59 |    38 |    34 |    33 |    35 |    33 ||   283
Dodge: Dodged            |    12 |   110 |   116 |   257 |   477 |   442 |   558 |   688 |   740 ||  3400
Block: Buckler           |       |       |    14 |    72 |   213 |   250 |   331 |   420 |   450 ||  1750

Table legend:
 A = Spawn XP
 B = Non-spawn XP
 C = Spawn XP percentage of total XP
 D = Spawn monster count
 E = Non-spawn monster count
 F = Spawn count percentage of total count
 G = Total turns spent on level
                    A         B        C        D         E        F      G
               +---------+---------+-------+---------+---------+-------+---------
         Total |   77172 | 1099273 |   6.6 |     145 |    2167 |   6.3 | 96276
               +---------+---------+-------+---------+---------+-------+---------
           D:1 |       0 |      38 |   0.0 |       0 |      23 |   0.0 |  1145
           D:2 |       0 |     141 |   0.0 |       0 |      40 |   0.0 |  1561
           D:3 |       0 |     406 |   0.0 |       0 |      50 |   0.0 |  1758
           D:4 |       0 |     590 |   0.0 |       0 |      31 |   0.0 |  1465
           D:5 |       0 |     699 |   0.0 |       0 |      18 |   0.0 |  1623
           D:6 |       0 |    1034 |   0.0 |       0 |      23 |   0.0 |  1513
           D:7 |       0 |    1903 |   0.0 |       0 |      22 |   0.0 |  1260
           D:8 |       0 |    1556 |   0.0 |       0 |      41 |   0.0 |  1568
           D:9 |       0 |    2051 |   0.0 |       0 |      24 |   0.0 |  1539
          D:10 |       0 |    6923 |   0.0 |       0 |      47 |   0.0 |  3197
          D:11 |       0 |    6500 |   0.0 |       0 |      44 |   0.0 |  3040
          D:12 |       0 |    9140 |   0.0 |       0 |      56 |   0.0 |  1788
          D:13 |       0 |    7219 |   0.0 |       0 |      27 |   0.0 |  2270
          D:14 |       0 |   18919 |   0.0 |       0 |      74 |   0.0 |  3661
          D:15 |       0 |   12572 |   0.0 |       0 |      36 |   0.0 |  1208
        Lair:1 |       0 |    1355 |   0.0 |       0 |       7 |   0.0 |  1349
        Lair:2 |       0 |    1738 |   0.0 |       0 |       9 |   0.0 |   968
        Lair:3 |       0 |    3434 |   0.0 |       0 |      17 |   0.0 |  1982
        Lair:4 |       0 |    8478 |   0.0 |       0 |      32 |   0.0 |  1931
        Lair:5 |       0 |    5709 |   0.0 |       0 |      23 |   0.0 |  1617
        Lair:6 |       0 |   18772 |   0.0 |       0 |      59 |   0.0 |  1718
      Shoals:1 |       0 |   11019 |   0.0 |       0 |      28 |   0.0 |  1668
      Shoals:2 |       0 |   10719 |   0.0 |       0 |      22 |   0.0 |   845
      Shoals:3 |       0 |   21595 |   0.0 |       0 |      41 |   0.0 |  3592
      Shoals:4 |       0 |   25177 |   0.0 |       0 |      43 |   0.0 |   961
       Snake:1 |       0 |   14162 |   0.0 |       0 |      24 |   0.0 |   955
       Snake:2 |       0 |   20718 |   0.0 |       0 |      43 |   0.0 |  2031
       Snake:3 |       0 |   24734 |   0.0 |       0 |      38 |   0.0 |  1473
       Snake:4 |       0 |   42813 |   0.0 |       0 |      71 |   0.0 |  3310
       Slime:1 |       0 |   21461 |   0.0 |       0 |      20 |   0.0 |   650
       Slime:2 |       0 |    3172 |   0.0 |       0 |       4 |   0.0 |   123
       Slime:3 |       0 |    4409 |   0.0 |       0 |       8 |   0.0 |    39
       Slime:4 |       0 |   11142 |   0.0 |       0 |       8 |   0.0 |  1019
       Slime:5 |       0 |   48327 |   0.0 |       0 |      34 |   0.0 |  1174
         Orc:1 |       0 |    1794 |   0.0 |       0 |      11 |   0.0 |   875
         Orc:2 |       0 |   12088 |   0.0 |       0 |     117 |   0.0 |  3438
         Elf:1 |       0 |   24953 |   0.0 |       0 |      36 |   0.0 |  1612
         Elf:2 |       0 |   35004 |   0.0 |       0 |      48 |   0.0 |  2424
         Elf:3 |       0 |   56007 |   0.0 |       0 |      53 |   0.0 |  2864
      Vaults:1 |       0 |   52628 |   0.0 |       0 |      92 |   0.0 |  1847
      Vaults:2 |       0 |   75168 |   0.0 |       0 |     102 |   0.0 |  1696
      Depths:1 |       0 |   36394 |   0.0 |       0 |      74 |   0.0 |  2874
      Depths:2 |       0 |   57455 |   0.0 |       0 |      67 |   0.0 |  2578
      Depths:3 |       0 |   83325 |   0.0 |       0 |     112 |   0.0 |  3078
      Depths:4 |     414 |   69609 |   0.6 |       1 |      98 |   1.0 |  2745
      Depths:5 |       0 |   38175 |   0.0 |       0 |      29 |   0.0 |  1561
         Zot:1 |       0 |   57114 |   0.0 |       0 |      37 |   0.0 |  2547
         Zot:2 |       0 |   41004 |   0.0 |       0 |      28 |   0.0 |  1292
         Zot:3 |       0 |    9088 |   0.0 |       0 |       7 |   0.0 |    64
       Abyss:1 |   21995 |   25798 |  46.0 |      34 |      48 |  41.5 |  1981
       Abyss:2 |   16137 |   15793 |  50.5 |      22 |      35 |  38.6 |  1268
       Abyss:3 |   38626 |   34989 |  52.5 |      88 |      51 |  63.3 |  3071
           Lab |       0 |    3005 |   0.0 |       0 |       8 |   0.0 |  1423
        Bailey |       0 |    1257 |   0.0 |       0 |      27 |   0.0 |  1037
               +---------+---------+-------+---------+---------+-------+---------
